 Dungeon Crawl Stone Soup version 0.20.0-15-g7f486f2 (webtiles) character file.

88 mrsp the Skirmisher (level 4, 0/35 HPs)
             Began as a Mummy Wanderer on June 29, 2017.
             Slain by a worker ant (2 damage)
             ... on level 5 of the Dungeon.
             The game lasted 00:06:49 (3648 turns).

mrsp the Skirmisher (Mummy Wanderer)                Turns: 3648, Time: 00:06:50

Health: 0/35       AC:  8    Str: 14    XL:     4   Next: 29%
Magic:  4/4        EV: 12    Int: 11    God:
Gold:   90         SH:  8    Dex: 13    Spells: 3/3 levels left

rFire    x . .     SeeInvis .   h - +1 mace
rCold    + . .     Gourm    .   a - +0 shield
rNeg     + + +     Faith    .   m - +0 ring mail
rPois    ∞         Spirit   .   c - +0 helmet
rElec    .         Reflect  .   o - +0 cloak
rCorr    .         Harm     .   (no gloves)
MR       .....                  l - +0 pair of boots
Stlth    ..........             (no amulet)
Regen    0.2/turn               k - +4 ring of evasion
MPRegen  0.1/turn               i - ring of loudness (curse)

@: no status effects
A: no food or potions, fire vulnerability, cold resistance 1, negative energy
resistance 3, torment resistance, unbreathing
a: no special abilities


You were on level 5 of the Dungeon.
You were not hungry.

You visited 1 branch of the dungeon, and saw 5 of its levels.

You collected 90 gold pieces.

Inventory:

Hand Weapons
 b - a +0 hand axe
 f - a +0 whip
 g - a +0 mace
 h - a +1 mace (weapon)
 p - a +0 hunting sling
Missiles
 e - 130 stones (quivered)
 j - 57 sling bullets
Armour
 a - a +0 shield (worn)
 c - a +0 helmet (worn)
 d - a +0 robe
 l - a +0 pair of boots (worn)
 m - a +0 ring mail (worn)
 o - a +0 cloak (worn)
Jewellery
 i - a cursed ring of loudness (right hand)
 k - a +4 ring of evasion (left hand)
 n - a +5 ring of intelligence
 q - a +3 amulet of reflection {unknown}
Scrolls
 s - a scroll of remove curse
Books
 r - a book of Cantrips

   Spells                             Type                      Level
   a - Confusing Touch                Hexes                        1
   b - Animate Skeleton               Necromancy                   1
   c - Summon Small Mammal            Summoning                    1
   d - Apportation                    Translocation                1


   Skills:
 - Level 3.0 Fighting
 - Level 1.6(2.3) Axes
 + Level 2.4(2.7) Maces & Flails
 + Level 0.1 Throwing
 - Level 1.0 Armour
 - Level 1.0 Dodging
 + Level 1.3 Stealth
 + Level 2.0 Shields
 - Level 1.0 Unarmed Combat
 + Level 0.2 Spellcasting


You had 3 spell levels left.
You didn't know any spells.

Dungeon Overview and Level Annotations

Branches:
Dungeon (5/15)
 Temple: D:4-7

Altars:

Annotations:
D:3 Jessica


Innate Abilities, Weirdness & Mutations

You do not eat or drink.
Your flesh is vulnerable to fire.
You are immune to poison.
Your flesh is cold resistant. (rC+)
You are immune to negative energy. (rN+++)
You are immune to unholy pain and torment.
You can survive without breathing.


Message History

The worker ant bites you.
* * * LOW HITPOINT WARNING * * *
The worker ant closely misses you.
Unknown command.
You hit the worker ant.
The worker ant is lightly wounded.
You block the worker ant's attack.
Your shield prevents you from hitting the worker ant.
The worker ant is lightly wounded.
The worker ant bites you but does no damage.
The worker ant barely misses you.
You closely miss the worker ant.
The worker ant is lightly wounded.
The worker ant misses you.
The worker ant bites you but does no damage.
Unknown command.
You closely miss the worker ant.
The worker ant is lightly wounded.
The worker ant bites you.
You die...

##....###
....>..#
.......#
......
#....#
######....##
...........#
.......@a..#
...........#
...........+
.........?.#
..#####+####
#


You could see a worker ant.

Vanquished Creatures
  An adder (D:2)
  4 worms (D:2)
  3 dart slugs
  5 leopard geckos
  5 bats
  4 giant cockroaches
  6 goblins
  8 hobgoblins
  A jackal (D:2)
  5 kobolds
  2 quokkas
  2 ball pythons
  3 frilled lizards
  5 rats
54 creatures vanquished.

Notes
Turn   | Place    | Note
-------+----------+-------------------------------------------
     0 | D:1      | mrsp the Mummy Wanderer began the quest for the Orb.
     0 | D:1      | mrsp set off with: a +0 shield, a +0 hand axe, a scroll of teleportation, a +0 robe
     0 | D:1      | Reached XP level 1. HP: 18/18 MP: 1/1
   316 | D:1      | Reached skill level 1 in Maces & Flails
   316 | D:1      | Reached XP level 2. HP: 20/24 MP: 2/2
   925 | D:1      | Reached skill level 1 in Stealth
  1585 | D:1      | Reached XP level 3. HP: 29/29 MP: 3/3
  2776 | D:2      | Reached XP level 4. HP: 29/35 MP: 4/4
  3585 | D:3      | Noticed an ogre
  3598 | D:3      | Noticed Jessica
  3643 | D:5      | Entered Level 5 of the Dungeon
  3644 | D:5      | HP: 1/35 [worker ant (3)]
  3648 | D:5      | Slain by a worker ant

Skill      XL: |  1  2  3  4 |
---------------+-------------+-----
Maces & Flails | 1 2 |  2.4
Stealth        | 1 |  1.3
Shields        | 2 |  2.0
Fighting       | |  3.0
Axes           | |  1.6
Throwing       | |  0.1
Armour         | |  1.0
Dodging        | |  1.0
Unarmed Combat | |  1.0
Spellcasting   | |  0.2

Action                   |  1- 3 |  4- 6 || total
-------------------------+-------+-------++-------
Melee: Mace              |   164 |    69 ||   233
       Hand axe          |     7 |       ||     7
       Whip              |     8 |       ||     8
Throw: Stone             |       |     1 ||     1
  Use: Scroll            |     8 |     1 ||     9
 Stab: Sleeping          |     1 |       ||     1
Armor: Robe              |    22 |       ||    22
       Ring mail         |     9 |    21 ||    30
Dodge: Dodged            |   110 |    38 ||   148
Block: Shield            |    66 |    36 ||   102
